 Dungeon Crawl Stone Soup version 0.27.0-1-g7a089689b8 (webtiles) character file.

Game seed: 5761283362140562836

0 Cral the Conjurer (level 1, 0/13 HPs)
             Began as a Demonspawn Conjurer on July 31, 2021.
             Slain by a ball python (1 damage)
             ... on level 1 of the Dungeon.
             The game lasted 00:00:13 (46 turns).

Cral the Conjurer (Demonspawn Conjurer)               Turns: 46, Time: 00:00:14

Health: 0/13       AC:  2    Str:  7    XL:     1   Next: 8%
Magic:  2/3        EV:  9    Int: 19    God:
Gold:   6          SH:  0    Dex: 11    Spells: 3/4 levels left

rFire    . . .     SeeInvis .   (no weapon)
rCold    . . .     Faith    .   (no shield)
rNeg     . . .     Spirit   .   a - +0 robe
rPois    .         Reflect  .   (no helmet)
rElec    .         Harm     .   (no cloak)
rCorr    .         Rampage  .   (no gloves)
Will     .....                  (no boots)
Stlth    ++........             (no amulet)
HPRegen  0.04/turn              (no ring)
MPRegen  0.08/turn              (no ring)

@: constricted
A: no striking features
a: no special abilities


You were on level 1 of the Dungeon.
You visited 1 branch of the dungeon, and saw 1 of its levels.

You collected 6 gold pieces.

Inventory:

Armour
 a - a +0 robe (worn)


   Skills:
 + Level 1.7 Dodging
 + Level 1.7 Stealth
 + Level 2.0 Spellcasting
 + Level 4.0 Conjurations


You had 3 spell levels left.
You knew the following spells:

 Your Spells              Type           Power      Damage    Failure   Level
a - Magic Dart            Conj           68%        1d6       3%          1

Your spell library contained the following spells:

 Spells                   Type           Power      Damage    Failure   Level
 Searing Ray              Conj           34%        3d4       4%          2
 Dazzling Flash           Conj/Hex       18%        N/A       22%         3
 Fulminant Prism          Conj/Hex       4%         3d6       58%         4
 Iskenderun's Mystic Bla  Conj/Tloc      9%         2d4       58%         4


Dungeon Overview and Level Annotations

Branches:
Dungeon (1/15)

Altars:


Message History

The magic dart hits the bat but does no damage.
The bat closely misses you. The bat hits you but does no damage.
Casting: Magic Dart (safe; 3% risk of failure)
Confirm with . or Enter, or press ? or * to list all spells.
You don't have enough magic to cast this spell.
Casting: Magic Dart (safe; 3% risk of failure)
Confirm with . or Enter, or press ? or * to list all spells.
You don't have enough magic to cast this spell.
Casting: Magic Dart (safe; 3% risk of failure)
Confirm with . or Enter, or press ? or * to list all spells.
You don't have enough magic to cast this spell.
You miss the bat. The bat barely misses you. The bat hits you.
The hobgoblin hits you but does no damage.
The hobgoblin hits you.
There is an open door here.
Found a glowing cyan potion.
The bat misses you. The bat barely misses you. x2
The bat hits you but does no damage. The bat closely misses you.
A ball python comes into view.
Found a stone staircase leading down.
A dart slug comes into view.
The dart slug launches a dart at you. The slug dart hits you.
You hit the dart slug but do no damage. The dart slug bites you.
The bat hits you but does no damage. x2; The dart slug bites you.
* * * LOW HITPOINT WARNING * * *
The ball python hisses angrily.
The bat hits you but does no damage. The bat hits you but does no damage.
The ball python bites you but does no damage.
The ball python grabs you.
* * * LOW HITPOINT WARNING * * *
The ball python constricts you.
The ball python's grasp on you weakens, but your attempt to escape fails.
The bat hits you but does no damage. x2; The ball python bites you.
* * * LOW HITPOINT WARNING * * *
You die...

...####+####...........
...#...Sbg.##........
#.#.########........
#....# #........ #...g#
#........ #...g#
#........ #..wS#
....... #..Sb# ####@#
#.# #.# #.. ###


You could see a dart slug, 2 hobgoblins, a bat and 2 ball pythons.

Vanquished Creatures
  A frilled lizard (D:1)
1 creature vanquished.

Notes
Turn   | Place    | Note
-------+----------+-------------------------------------------
     0 | D:1      | Cral the Demonspawn Conjurer began the quest for the Orb.
     0 | D:1      | Reached XP level 1. HP: 13/13 MP: 3/3
    46 | D:1      | Slain by a ball python

Illustrated notes

Levels and vault maps discovered:
D:1:      psy_arrival_terrarium, layout_basic, chequers_serial_rivers_small_b,
          minmay_tall_x

Action                   || total
-------------------------++-------
Melee: Unarmed           ||     2
 Cast: Magic Dart        ||     3
Armor: Robe              ||    11
Dodge: Dodged            ||     7
